 Dungeon Crawl Stone Soup version 0.28-a0-863-g8cecda6153 (webtiles) character file.

Game seed: 5740605095422301399

297 bande the Covered (level 6, -9/39 HPs)
             Began as a Gargoyle Fighter on Nov 19, 2021.
             Mangled by a small abomination (15 damage)
             ... on level 1 of the Abyss.
             The game lasted 00:03:45 (2885 turns).

bande the Covered (Gargoyle Fighter)                Turns: 2885, Time: 00:03:46

Health: -9/39      AC: 11    Str: 20    XL:     6   Next: 35%
Magic:  6/6        EV:  9    Int:  9    God:
Gold:   84         SH:  4    Dex: 10    Spells: 5/5 levels left

rFire   . . .      SeeInvis .   a - +1 war axe
rCold   + . .      Faith    .   c - +0 buckler
rNeg    + . .      Spirit   .   b - +0 scale mail
rPois   ∞          Reflect  .   (no helmet)
rElec   +          Harm     .   (no cloak)
rCorr   .          Rampage  .   (no gloves)
Will    .....                   (no boots)
Stlth   ..........              (no amulet)
HPRegen 0.13/turn               h - ring of protection from cold
MPRegen 0.10/turn               (no ring)

@: no status effects
A: sickness immunity, AC +4, negative energy resistance 1, electricity
resistance, torment resistance 1, petrification resistance
a: no special abilities


You were on level 1 of the Abyss.
You visited 1 branch of the dungeon, and saw 3 of its levels.
You visited the Abyss 1 time.

You collected 84 gold pieces.

Inventory:

Hand Weapons
 a - a +1 war axe (weapon)
Armour
 b - a +0 scale mail (worn)
 c - a +0 buckler (worn)
Jewellery
 h - a ring of protection from cold (left hand)
Wands
 l - a wand of polymorph (7)
Scrolls
 e - 4 scrolls of teleportation
 j - a scroll of blinking {unknown}
Potions
 d - a potion of might
 f - a potion of heal wounds {unknown}
 g - a potion of curing
 i - a potion of magic {unknown}
 k - a potion of flight {unknown}


   Skills:
 + Level 4.3 Fighting
 + Level 4.2 Axes
 + Level 4.5 Armour
 - Level 0.1 Dodging
 + Level 4.1 Shields


You had 5 spell levels left.
You didn't know any spells.
Your spell library was empty.

Dungeon Overview and Level Annotations

Branches:
Dungeon (3/15)

Altars:

Annotations:
D:3 Crazy Yiuf


Innate Abilities, Weirdness & Mutations

You are immune to sickness and miasma.
Your stone body is resilient. (AC +4)
You are immune to poison.
You resist negative energy. (rN+)
You are resistant to electric shocks. (rElec)
You are resistant to unholy torment.
You are immune to petrification.


Message History

Crazy Yiuf burns you.
You barely miss Crazy Yiuf.
Crazy Yiuf hits you with a +4 quarterstaff of chaos!
Crazy Yiuf burns you.
You closely miss Crazy Yiuf. You block Crazy Yiuf's attack.
Crazy Yiuf completely misses you.
You hit Crazy Yiuf.
Crazy Yiuf is moderately wounded.
Crazy Yiuf completely misses you.
You hit Crazy Yiuf but do no damage.
Crazy Yiuf is moderately wounded.
You block Crazy Yiuf's attack.
You closely miss Crazy Yiuf.
Crazy Yiuf is moderately wounded.
Crazy Yiuf hits you with a +4 quarterstaff of chaos!
You are cast into the Abyss!
This branch contains the abyssal rune of Zot.
There is an open translucent door here.
Found 22 gold pieces.
Found a scroll of teleportation.
You now have 84 gold pieces (gained 22).
There are no items here.
e - 4 scrolls of teleportation (gained 1)
There are no items here.
A small abomination comes into view.
A harpy skeleton comes into view.
The small abomination hits you but does no damage.
You hit the small abomination.
The small abomination is moderately damaged.
You block the small abomination's attack.
The harpy skeleton claws you but does no damage.
The harpy skeleton claws you. The small abomination hits you!
* * * LOW HITPOINT WARNING * * *
You slash the small abomination!
The small abomination is heavily damaged.
You hit the harpy skeleton but do no damage.
The harpy skeleton claws you but does no damage. x3
The harpy skeleton claws you.
* * * LOW HITPOINT WARNING * * *
The small abomination hits you!
You die...

### #....### # #
... #.#..## .## .
#.# #.#...###..
#.####.##
#..#...# #.#
#........#...#.##
#..#.#.#.###.#.
#...#.## ....
#.#.#...# ...#
#...@x#..# .
#.#.#.Z...... .##
.. ..##...#.# #.
.... .#.# .. ..
#.##. #..# . ..
#. .# #.# . #. ..
.# # .#


You could see a small abomination and a harpy skeleton.

Vanquished Creatures
  Grinder (D:3)
  An iguana (D:3)
  2 adders (D:3)
  A dart slug (D:1)
  6 bats
  6 endoplasms
  3 giant cockroaches
  7 hobgoblins
  4 jackals (D:1)
  7 kobolds
  A quokka (D:1)
  7 ball pythons
  A frilled lizard (D:3)
  A goblin (D:1)
  6 rats
54 creatures vanquished.

Notes
Turn   | Place    | Note
-------+----------+-------------------------------------------
     0 | D:1      | bande the Gargoyle Fighter began the quest for the Orb.
     0 | D:1      | Reached XP level 1. HP: 14/14 MP: 1/1
   289 | D:1      | Reached XP level 2. HP: 19/19 MP: 2/2
   780 | D:1      | Reached XP level 3. HP: 24/24 MP: 3/3
  1846 | D:2      | Found a faded altar of an unknown god.
  2095 | D:3      | Reached XP level 4. HP: 23/29 MP: 4/4
  2294 | D:3      | Found a runed translucent door.
  2295 | D:3      | Noticed Crazy Yiuf
  2602 | D:3      | Noticed Grinder
  2604 | D:3      | Paralysed by Grinder for 7 turns
  2626 | D:3      | Paralysed by Grinder for 6 turns
  2635 | D:3      | Killed Grinder
  2636 | D:3      | Reached XP level 5. HP: 22/34 MP: 5/5
  2636 | D:3      | Reached XP level 6. HP: 25/39 MP: 6/6
  2839 | D:3      | Cast into level 1 of the Abyss (Crazy Yiuf)
  2885 | Abyss:1  | Mangled by a small abomination

Illustrated notes

Levels and vault maps discovered:
D:1:      dpeg_arrival_fog, layout_loops_ring
D:2:      layout_basic, dreamdust_ecumenical_altar_grove,
          kennysheep_generic_room_3
D:3:      layout_rooms, serial_rivers, chequers_serial_rivers_large_b,
          chequers_serial_rivers_micro_b, chequers_serial_rivers_micro_c,
          chequers_serial_rivers_micro_d, chequers_serial_rivers_large_a,
          uniq_crazy_yiuf_cottage, uniq_grinder
Abyss:1:  base:
Temple

Skill      XL: |  1  2  3  4 |
---------------+-------------+-----
Axes           | 2 4 |  4.2
Armour         | 4 |  4.5
Fighting       | 4 |  4.3
Shields        | 4 |  4.1
Dodging        | |  0.1

Action                   |  1- 3 |  4- 6 || total
-------------------------+-------+-------++-------
Melee: War axe           |   113 |    49 ||   162
  Use: Scroll            |     2 |     3 ||     5
Armor: Scale mail        |    69 |    31 ||   100
Dodge: Dodged            |    76 |    24 ||   100
Block: Buckler           |    29 |    15 ||    44

Table legend: (Time is in decaauts)
 A = Elapsed time spent in this place.
 B = Non-inter-level travel time spent in this place.
 C = Inter-level travel time spent in this place.
 D = Time resting spent in this place.
 E = Time spent auto-exploring this place.
 F = Levels seen in this place.
 G = Mean time per level.
                   A        B        C        D        E       F      G
               +--------+--------+--------+--------+--------+-----+--------+
         Total |   2983 |   2945 |     38 |    244 |   2153 |   4 |  745.8 |
       Dungeon |   2937 |   2899 |     38 |    244 |   2153 |   3 |  979.0 |
         Abyss |     46 |     46 |      0 |      0 |      0 |   1 |   46.0 |
               +--------+--------+--------+--------+--------+-----+--------+

Top non-repeatable levels by time:
     D:1: 1288 daAuts
     D:2: 839 daAuts
     D:3: 809 daAuts
 Abyss:1: 46 daAuts
